 Dungeon Crawl Stone Soup version 0.29-a0-472-ge5599a681e (webtiles) character file.

Game seed: 8041577673803683312

1507 YayAnonymity the Shield-Bearer (level 8, -2/67 HPs)
             Began as a Gnoll Fighter on May 23, 2022.
             Was a Believer of Okawaru.
             Slain by Sigmund
             ... wielding a +0 scythe
              (6 damage)
             ... on level 6 of the Dungeon.
             The game lasted 00:08:47 (7022 turns).

YayAnonymity the Shield-Bearer (Gnoll Fighter)      Turns: 7022, Time: 00:08:48

Health: -2/67      AC: 13    Str: 17    XL:     8   Next: 82%
Magic:  13/13      EV:  9    Int:  8    God:    Okawaru [**....]
Gold:   162        SH:  0    Dex: 12    Spells: 14/14 levels left

rFire   . . .      SeeInvis .   a - +1 trident
rCold   . . .      Faith    .   k - +1 tower shield
rNeg    . . .      Spirit   .   j - +0 chain mail
rPois   .          Reflect  .   p - +0 helmet
rElec   .          Harm     .   l - +0 cloak
rCorr   .          Rampage  .   (no gloves)
Will    .....                   (no boots)
Stlth   ..........              (no amulet)
HPRegen 0.21/turn               r - +4 ring of evasion
MPRegen 0.13/turn               o - ring of flight

@: confused, mighty, flying
A: fangs 1, strong nose, distributed training
a: Renounce Religion, Heroism


You were on level 6 of the Dungeon.
You worshipped Okawaru.
Okawaru was pleased with you.
You visited 2 branches of the dungeon, and saw 7 of its levels.

You collected 162 gold pieces.

Inventory:

Hand Weapons
 a - a +1 trident (weapon)
Missiles
 e - 3 boomerangs (quivered)
 f - 4 silver javelins
 h - a throwing net
Armour
 j - a +0 chain mail (worn)
 k - a +1 tower shield (worn)
 l - a +0 cloak (worn)
 p - a +0 helmet (worn)
Jewellery
 o - a ring of flight (right hand)
 q - a ring of positive energy
 r - a +4 ring of evasion (left hand)
Wands
 t - a wand of iceblast (9)
 v - a wand of digging (3)
Scrolls
 m - a scroll of enchant armour
 w - a scroll of blinking
Potions
 b - 2 potions of resistance
 c - 3 potions of brilliance
 d - a potion of might
 g - 2 potions of mutation {unknown}
 i - 4 potions of haste {unknown}
 n - 3 potions of attraction {unknown}
 s - a potion of heal wounds {unknown}
 u - a potion of flight {unknown}
 z - a potion of degeneration {unknown}


   Skills:
 + Level 7.5 Fighting
 + Level 3.6 Short Blades
 + Level 3.6 Long Blades
 + Level 3.6 Axes
 + Level 3.6 Maces & Flails
 + Level 5.9 Polearms
 + Level 3.6 Staves
 + Level 3.6 Slings
 + Level 3.6 Bows
 + Level 3.6 Crossbows
 + Level 3.6 Throwing
 + Level 7.5 Armour
 + Level 3.6 Dodging
 + Level 3.6 Stealth
 + Level 7.5 Shields
 + Level 3.6 Unarmed Combat
 + Level 3.6 Spellcasting
 + Level 3.0 Conjurations
 + Level 3.0 Hexes
 + Level 3.0 Summonings
 + Level 3.0 Necromancy
 + Level 3.0 Translocations
 + Level 3.0 Transmutations
 + Level 3.0 Fire Magic
 + Level 3.0 Ice Magic
 + Level 3.0 Air Magic
 + Level 3.0 Earth Magic
 + Level 3.0 Poison Magic
 + Level 4.0 Invocations
 + Level 3.6 Evocations


You had 14 spell levels left.
You didn't know any spells.
Your spell library contained the following spells:

 Spells                   Type           Power      Damage    Failure   Level
 Ensorcelled Hibernation  Hex/Ice        12%        N/A       100%        2
 Poisonous Vapours        Pois/Air       12%        N/A       100%        2
 Ozocubu's Armour         Ice            6%         N/A       100%        3
 Spider Form              Tmut/Pois      6%         N/A       100%        3
 Anguish                  Hex/Necr       3%         N/A       100%        4
 Corpse Rot               Necr/Pois/Air  6%         N/A       100%        4
 Metabolic Englaciation   Hex/Ice        3%         N/A       100%        5
 Necromutation            Tmut/Necr      3%         N/A       100%        8
 Simulacrum               Ice/Necr       Unusable   N/A       N/A         6
 Haunt                    Necr/Summ      Unusable   N/A       N/A         7

Dungeon Overview and Level Annotations

Branches:
Dungeon (6/15)             Temple (1/1) D:5

Altars:
Ashenzari
Cheibriados
Dithmenos
Elyvilon
Fedhas
Gozag
Hepliaklqana
Makhleb
Nemelex Xobeh
Okawaru
Ru
Sif Muna
Trog
Uskayaw
Vehumet
Wu Jian
Xom
Yredelemnul
Zin
The Shining One

Annotations:
D:6 Sigmund


Innate Abilities, Weirdness & Mutations

You have very sharp teeth.
Your uncanny sense of smell can sniff out nearby items.
Your experience applies equally to all skills.


Message History

You feel like a meek peon again. You block the orc priest's attack.
You closely miss the orc priest. You bite the orc priest.
The orc priest is severely wounded.
The orc priest hits you but does no damage.
You puncture the orc priest!
You kill the orc priest!
Okawaru accepts your kill. The orc hits you but does no damage.
Your Invocations skill increases to level 4!
You puncture the orc!
You kill the orc!
Okawaru accepts your kill. Something hits you but does no damage.
You puncture the orc!
You kill the orc!
Okawaru accepts your kill.
You hear some strange, mumbled words.
You are confused.
Your Conjurations skill increases to level 3!
Your Hexes skill increases to level 3!
Your Summonings skill increases to level 3!
Your Necromancy skill increases to level 3!
Your Translocations skill increases to level 3!
Your Transmutations skill increases to level 3!
Your Fire Magic skill increases to level 3!
Your Ice Magic skill increases to level 3!
Your Air Magic skill increases to level 3!
Your Earth Magic skill increases to level 3!
Your Poison Magic skill increases to level 3!
You bump into the rock wall.
Something hits you.
* * * LOW HITPOINT WARNING * * *
Items here: ! )))) [ ††.
You bump into the rock wall.
You hear some strange, mumbled words.
A puff of flame appears from out of thin air!
The puff of flame hits you.
* * * LOW HITPOINT WARNING * * *
Something hits you.
You die...

#....oo ......o
......o #......
....... #.....
##.....########
#..
.......).)@...# .
..
...#.##.{###.###
.. .. #..
##.###>... ... .##
## #.####.......##
.. .. #.
##.##........##
####.#.##
##.##..#..####..##
#.......#
#..#.....## ##..#
......)<. #...####
#....# ......)..
#####..##
####.##..#
.........


There were no monsters in sight!

Vanquished Creatures
  Grinder (D:4)
  Duvessa (D:6)
  A water moccasin (D:6)
  A black bear (D:5)
  An ogre (D:5)
  A centaur (D:5)
  Blork the orc (D:6)
  A bullfrog (D:4)
  A gnoll sergeant (D:5)
  A scorpion (D:5)
  A necrophage (D:5)
  Dowan (D:6)
  A howler monkey (D:5)
  2 hounds
  A jelly (D:6)
  Crazy Yiuf (D:4)
  2 orc priests (D:6)
  A gnoll shaman (D:5)
  An iguana (D:5)
  An orc wizard (D:5)
  6 adders
  A white imp (D:6)
  4 worms (D:2)
  5 dart slugs
  16 orcs
  5 ball pythons
  6 bats
  13 endoplasms
  3 giant cockroaches
  7 hobgoblins
  8 jackals (D:4)
  4 quokkas
  2 frilled lizards
  4 goblins
  3 kobolds
  3 rats (D:1)
112 creatures vanquished.

Vanquished Creatures (others)
  A fungus (D:4)
1 creature vanquished.

Grand Total: 113 creatures vanquished

Notes
Turn   | Place    | Note
-------+----------+-------------------------------------------
     0 | D:1      | YayAnonymity the Gnoll Fighter began the quest for the Orb.
     0 | D:1      | Reached XP level 1. HP: 23/23 MP: 1/1
     1 | D:1      | Noticed a demonspawn zombie
    11 | D:1      | Noticed a merfolk zombie
    17 | D:1      | Noticed a minotaur zombie
   161 | D:1      | Reached XP level 2. HP: 29/29 MP: 2/2
   531 | D:1      | Reached XP level 3. HP: 33/35 MP: 3/3
   560 | D:1      | Found a faded altar of an unknown god.
   931 | D:2      | Reached skill level 1 in Invocations
   944 | D:2      | Reached skill level 1 in Short Blades
   944 | D:2      | Reached skill level 1 in Long Blades
   944 | D:2      | Reached skill level 1 in Axes
   944 | D:2      | Reached skill level 1 in Maces & Flails
   944 | D:2      | Reached skill level 1 in Staves
   944 | D:2      | Reached skill level 1 in Slings
   944 | D:2      | Reached skill level 1 in Bows
   944 | D:2      | Reached skill level 1 in Crossbows
   944 | D:2      | Reached skill level 1 in Throwing
   944 | D:2      | Reached skill level 1 in Dodging
   944 | D:2      | Reached skill level 1 in Stealth
   944 | D:2      | Reached skill level 1 in Unarmed Combat
   944 | D:2      | Reached skill level 1 in Spellcasting
   944 | D:2      | Reached skill level 1 in Evocations
  1286 | D:2      | Reached XP level 4. HP: 36/41 MP: 5/5
  2057 | D:3      | Got the Papyrus of Darkness
  2163 | D:3      | You fall into a shaft and drop 2 floors!
  2163 | D:5      | Entered Level 5 of the Dungeon
  2252 | D:5      | Found a staircase to the Ecumenical Temple.
  2270 | Temple   | Entered the Ecumenical Temple
  2434 | Temple   | Became a worshipper of Warmaster Okawaru
  2705 | D:5      | Reached skill level 1 in Conjurations
  2705 | D:5      | Reached skill level 1 in Hexes
  2705 | D:5      | Reached skill level 1 in Summonings
  2705 | D:5      | Reached skill level 1 in Necromancy
  2705 | D:5      | Reached skill level 1 in Translocations
  2705 | D:5      | Reached skill level 1 in Transmutations
  2705 | D:5      | Reached skill level 1 in Fire Magic
  2705 | D:5      | Reached skill level 1 in Ice Magic
  2705 | D:5      | Reached skill level 1 in Air Magic
  2705 | D:5      | Reached skill level 1 in Earth Magic
  2705 | D:5      | Reached skill level 1 in Poison Magic
  2710 | D:5      | Reached XP level 5. HP: 21/47 MP: 6/6
  2976 | D:5      | Noticed a centaur
  2984 | D:5      | Killed a centaur
  3144 | D:4      | Reached XP level 6. HP: 45/53 MP: 8/8
  3237 | D:4      | Reached * piety under Okawaru
  3238 | D:4      | Reached skill level 5 in Polearms
  3721 | D:4      | Noticed Grinder
  3738 | D:4      | Killed Grinder
  3739 | D:4      | Reached XP level 7. HP: 34/60 MP: 10/10
  4670 | D:4      | Found a runed translucent door.
  4671 | D:4      | Noticed Crazy Yiuf
  4680 | D:4      | Paralysed by Crazy Yiuf for 2 turns
  4683 | D:4      | Killed Crazy Yiuf
  5465 | D:5      | Reached XP level 8. HP: 64/67 MP: 12/12
  5960 | D:5      | Reached ** piety under Okawaru
  6419 | D:6      | Noticed Duvessa
  6420 | D:6      | Noticed Dowan
  6586 | D:6      | Killed Duvessa
  6591 | D:6      | Killed Dowan
  6989 | D:6      | Noticed Blork the orc
  7005 | D:6      | Noticed Sigmund
  7013 | D:6      | Killed Blork the orc
  7022 | D:6      | Slain by Sigmund

Illustrated notes

Levels and vault maps discovered:
D:1:      shiori_arrival_whats_in_store_for_you, layout_loops_corners,
          basic_ecumenical_altar
D:2:      layout_rooms
D:3:      layout_loops_ring
D:4:      layout_loops_ring, dk_noncrumbling_2, minmay_hedge_maze, uniq_grinder,
          uniq_crazy_yiuf_cottage
D:5:      kennysheep_six_static_rooms, layout_basic,
          minmay_temple_entry_mini_moons
D:6:      layout_rooms, uniq_duvessa, uniq_blork_the_orc, uniq_sigmund
Temple:   mainiacjoe_temple_cubbyholes

Skill      XL: |  1  2  3  4  5  6  7  8 |
---------------+-------------------------+-----
Invocations    | 1 2 3 4 |  4.0
Short Blades   | 1 2 3 |  3.6
Long Blades    | 1 2 3 |  3.6
Axes           | 1 2 3 |  3.6
Maces & Flails | 1 2 3 |  3.6
Staves         | 1 2 3 |  3.6
Slings         | 1 2 3 |  3.6
Bows           | 1 2 3 |  3.6
Crossbows      | 1 2 3 |  3.6
Throwing       | 1 2 3 |  3.6
Dodging        | 1 2 3 |  3.6
Stealth        | 1 2 3 |  3.6
Unarmed Combat | 1 2 3 |  3.6
Spellcasting   | 1 2 3 |  3.6
Evocations     | 1 2 3 |  3.6
Conjurations   | 1 2 3 |  3.0
Hexes          | 1 2 3 |  3.0
Summonings     | 1 2 3 |  3.0
Necromancy     | 1 2 3 |  3.0
Translocations | 1 2 3 |  3.0
Transmutations | 1 2 3 |  3.0
Fire Magic     | 1 2 3 |  3.0
Ice Magic      | 1 2 3 |  3.0
Air Magic      | 1 2 3 |  3.0
Earth Magic    | 1 2 3 |  3.0
Poison Magic   | 1 2 3 |  3.0
Polearms       | 5 |  5.9
Fighting       | 7 |  7.5
Armour         | 7 |  7.5
Shields        | 7 |  7.5

Action                   |  1- 3 |  4- 6 |  7- 9 || total
-------------------------+-------+-------+-------++-------
Melee: Trident           |    94 |   139 |   276 ||   509
       Bite              |     6 |    13 |    24 ||    43
Invok: Heroism           |       |       |     3 ||     3
  Use: Scroll            |       |     3 |     8 ||    11
       Potion            |       |     1 |     1 ||     2
Armor: Scale mail        |    27 |       |       ||    27
       Chain mail        |     3 |    44 |   119 ||   166
Dodge: Dodged            |    39 |    19 |    55 ||   113
Block: Buckler           |    21 |       |       ||    21
       Tower shield      |     1 |    72 |   227 ||   300

Table legend: (Time is in decaauts)
 A = Elapsed time spent in this place.
 B = Non-inter-level travel time spent in this place.
 C = Inter-level travel time spent in this place.
 D = Time resting spent in this place.
 E = Time spent auto-exploring this place.
 F = Levels seen in this place.
 G = Mean time per level.
                   A        B        C        D        E       F      G
               +--------+--------+--------+--------+--------+-----+--------+
         Total |   7178 |   6856 |    322 |    967 |   4497 |   7 | 1025.4 |
       Dungeon |   6814 |   6544 |    270 |    967 |   4200 |   6 | 1135.7 |
        Temple |    363 |    311 |     52 |      0 |    297 |   1 |  363.0 |
               +--------+--------+--------+--------+--------+-----+--------+

Top non-repeatable levels by time:
     D:5: 2397 daAuts
     D:4: 1635 daAuts
     D:1: 923 daAuts
     D:3: 825 daAuts
     D:2: 694 daAuts
  Temple: 363 daAuts
     D:6: 337 daAuts
